 Dungeon Crawl Stone Soup version 0.25-a0-310-g60f0ac2d9a (webtiles) character file.

Game seed: 2690487395787828476, levelgen mode: classic

2015 Borgoz the Covered (level 9, -5/51 HPs)
             Began as a Gargoyle Berserker on Dec 24, 2019.
             Was an Elder of Trog.
             Engulfed by an orc wizard's steam (12 damage)
             ... on level 7 of the Dungeon.
             The game lasted 00:08:07 (5131 turns).

Borgoz the Covered (Gargoyle Berserker)             Turns: 5131, Time: 00:08:08

Health: -5/51      AC: 19    Str: 19 (21) XL:     9   Next: 22%
Magic:  9/9        EV: 12    Int: 11 (13) God:    Trog [****..]
Gold:   321        SH:  0    Dex: 10 (12) Spells: 8/8 levels left

rFire    . . .     SeeInvis .   z - +3 flail (protect)
rCold    + . .     Gourm    .   (no shield)
rNeg     + . .     Faith    .   w - +0 scale mail
rPois    ∞         Spirit   .   (no helmet)
rElec    +         Reflect  .   q - +0 cloak
rCorr    .         Harm     .   h - +0 pair of gloves
MR       +....                  (no boots)
Stlth    ..........             l - amulet of the acrobat
HPRegen  0.17/turn              v - ring of protection from cold
MPRegen  0.11/turn              m - ring of attention (curse)

@: brilliant, berserk cooldown, flying, slowed, very slow
A: molten scales 1, magic resistance 1, negative energy resistance 1,
electricity resistance, unbreathing, petrification resistance, rot immunity, AC
+6
a: Berserk, Trog's Hand, Brothers in Arms, Renounce Religion


You were on level 7 of the Dungeon.
You worshipped Trog.
Trog was greatly pleased with you.
You were not hungry.

You visited 1 branch of the dungeon, and saw 7 of its levels.

You collected 321 gold pieces.

Inventory:

Hand Weapons
 z - a +3 flail of protection (weapon)
Missiles
 C - a throwing net (quivered)
Armour
 h - a +0 pair of gloves (worn)
 q - a +0 cloak (worn)
 w - a +0 scale mail (worn)
Jewellery
 j - a +5 ring of intelligence
 l - an amulet of the acrobat (around neck)
 m - a cursed ring of attention (right hand)
 v - a ring of protection from cold (left hand)
Wands
 p - a wand of clouds (4)
 y - a wand of enslavement (12)
 A - a wand of random effects (15)
 E - a wand of disintegration (18)
 H - a wand of digging (3)
 I - a wand of polymorph (4)
Scrolls
 b - 6 scrolls of fear {unknown}
 d - 4 scrolls of amnesia {unknown}
 e - 2 scrolls of enchant weapon {unknown}
 g - a scroll of immolation {unknown}
 i - 2 scrolls of identify {unknown}
 r - 3 scrolls of remove curse {unknown}
 t - 2 scrolls of random uselessness {unknown}
 B - a scroll of teleportation {unknown}
 D - a scroll of holy word {unknown}
 J - a scroll of acquirement {unknown}
Potions
 o - a potion of mutation
 s - 2 potions of heal wounds {unknown}
 u - a potion of cancellation {unknown}
 x - a potion of degeneration
 G - a potion of ambrosia {unknown}
Comestibles
 c - 11 rations


   Skills:
 - Level 3.2 Fighting
 + Level 7.5 Maces & Flails
 + Level 7.7 Armour
 + Level 5.9 Dodging


You had 8 spell levels left.
You didn't know any spells.
Your spell library was empty.

Dungeon Overview and Level Annotations

Branches:
Dungeon (7/15)             Temple (0/1) D:5

Altars:
Gozag
Hepliaklqana
Uskayaw
Xom

Shops:
D:5 *   D:6 }


Innate Abilities, Weirdness & Mutations

You are resistant to torment.
Your stone body is resilient. (AC +6)
You are immune to poison.
You resist negative energy. (rN+)
You are resistant to electric shocks. (rElec)
You can survive without breathing.
You are immune to petrification.
You are immune to rotting.
You are partially covered in molten scales. (AC +2)
You are resistant to hostile enchantments. (MR+)


Message History

You thump something!
You hear some strange, mumbled words.
A puff of flame appears from out of thin air!
The puff of flame hits you but does no damage.
The orc hits you but does no damage. Something hits you.
* * * LOW HITPOINT WARNING * * *
You closely miss the orc.
You are engulfed in a cloud of scalding steam.
The orc misses you. Something hits you but does no damage.
You're still recovering from your berserk rage.
You barely miss the orc.
The orc splashes around in the water.
Something hits you but does no damage.
The orc splashes around in the water.
You barely miss the orc.
You hear some strange, mumbled words.
A puff of flame appears from out of thin air!
The puff of flame misses you. The orc misses you.
Something hits you but does no damage.
You closely miss the orc.
You are engulfed in a cloud of scalding steam.
You die...

################
######≈≈≈≈≈≈≈≈≈≈#≈≈≈#
#..≈≈≈≈≈≈#######≈≈###
#..##########≈≈≈≈≈#
#.......#≈≈≈≈≈#####
#..###########)≈≈#
#####≈≈≈### #{≈###
#≈≈≈≈≈≈≈≈≈#####)@≈≈#
≈≈≈#####≈≈≈≈≈≈≈o≈###
≈###.#####≈≈≈#####
##.)).##≈≈≈≈##
#####.####### #.# #.#
####.#### #.......#


You could see an orc.

Vanquished Creatures
  Grinder (D:4)
  Edmund (D:4)
  An ice beast (D:5)
  A sky beast (D:6)
  An orc warrior (D:7)
  A phantom (D:6)
  2 ogres (D:5)
  A big kobold (D:7)
  A bullfrog (D:6)
  2 scorpions
  2 howler monkeys (D:5)
  A bullfrog zombie (D:5)
  2 crimson imps (D:6)
  3 hounds
  3 orc priests
  Crazy Yiuf (D:2)
  A bullfrog skeleton (D:4)
  2 centaur skeletons
  An iguana (D:5)
  5 orc wizards
  4 worker ants
  A killer bee zombie (D:5)
  A worker ant zombie (D:6)
  5 adders
  3 gnolls (D:6)
  An adder zombie (D:6)
  2 adder skeletons
  4 worms
  2 dart slugs
  4 leopard geckos
  12 orcs
  8 giant cockroaches
  9 goblins
  7 hobgoblins
  2 jackals (D:2)
  3 quokkas
  A ball python (D:3)
  7 bats
  4 frilled lizards
  A giant cockroach zombie (D:5)
  11 kobolds
  A leopard gecko zombie (D:5)
  A quokka skeleton (D:4)
  7 rats
  A fungus (D:1)
  A plant (D:1)
136 creatures vanquished.

Notes
Turn   | Place    | Note
-------+----------+-------------------------------------------
     0 | D:1      | Borgoz the Gargoyle Berserker began the quest for the Orb.
     0 | D:1      | Reached XP level 1. HP: 14/14 MP: 1/1
   272 | D:1      | Reached XP level 2. HP: 19/19 MP: 2/2
   535 | D:1      | Reached XP level 3. HP: 16/23 MP: 3/3
  1126 | D:2      | Reached ** piety under Trog
  1174 | D:2      | Found a shimmering altar of Xom.
  1216 | D:2      | Reached XP level 4. HP: 28/28 MP: 4/4
  1297 | D:2      | Found a runed translucent door.
  1298 | D:2      | Noticed Crazy Yiuf
  1619 | D:2      | Killed Crazy Yiuf
  1975 | D:3      | Reached XP level 5. HP: 28/32 MP: 5/5
  2550 | D:4      | Noticed Grinder
  2573 | D:4      | Paralysed by Grinder for 5 turns
  2597 | D:4      | Killed Grinder
  2597 | D:4      | Reached XP level 6. HP: 32/37 MP: 6/6
  2640 | D:4      | Reached skill level 5 in Maces & Flails
  2640 | D:4      | Reached XP level 7. HP: 29/41 MP: 7/7
  2643 | D:4      | Noticed Edmund
  2661 | D:4      | Killed Edmund
  2661 | D:4      | Reached skill level 5 in Armour
  2728 | D:4      | Found a hide-covered altar of Uskayaw.
  2945 | D:4      | Reached *** piety under Trog
  3151 | D:5      | Entered Level 5 of the Dungeon
  3151 | D:5      | Found a staircase to the Ecumenical Temple.
  3151 | D:5      | Found Gozag's Platinum Reserve.
  3243 | D:5      | Found a hazy altar of Hepliaklqana.
  3250 | D:5      | Reached XP level 8. HP: 46/46 MP: 8/8
  3380 | D:5      | Found an opulent altar of Gozag.
  3736 | D:5      | Reached skill level 5 in Dodging
  4230 | D:6      | Reached **** piety under Trog
  4443 | D:6      | Reached XP level 9. HP: 51/51 MP: 9/9
  4747 | D:6      | Found Voxtix's Gadget Shoppe.
  5117 | D:7      | Gained mutation: You are resistant to hostile enchantments.
                  | (MR+) [potion of mutation]
  5117 | D:7      | Gained mutation: You are partially covered in molten
                  | scales. (AC +2) [potion of mutation]
  5131 | D:7      | Engulfed by an orc wizard's steam

Levels and vault maps discovered:
D:1:      tarquinn_simple_flora_water_d, layout_rooms
D:2:      layout_loops_ring, xom_teletrap_fun, uniq_crazy_yiuf_cottage
D:3:      layout_loops_cross
D:4:      layout_gridville, eat_drink_and_be_merry_uskayaw, first_ration,
          minmay_statues_item, minmay_circle_x, uniq_grinder, uniq_edmund
D:5:      layout_basic, kennysheep_little_box, minmay_temple_entry_proselytizer,
          nicolae_gozag_zags_fifth_avenue
D:6:      layout_loops_corners, serial_shops, nicolae_shop_crystal,
          corexii_shack, eino_curves_02
D:7:      layout_loops_ring, serial_rivers, chequers_serial_rivers_room_a,
          chequers_serial_rivers_large_b, chequers_serial_rivers_marsh,
          chequers_serial_rivers_large_a, chequers_serial_rivers_small_3,
          chequers_serial_rivers_room_b, roderic_roman_lattice, the_bakery

Skill      XL: |  1  2  3  4  5  6  7  8 |
---------------+-------------------------+-----
Dodging        | 2 3 4 5 |  5.9
Armour         | 3 4 5 7 |  7.7
Maces & Flails | 4 5 7 |  7.5
Fighting       | |  3.2

Action                   |  1- 3 |  4- 6 |  7- 9 || total
-------------------------+-------+-------+-------++-------
Melee: Mace              |   158 |   165 |    18 ||   341
       Flail             |       |       |   279 ||   279
Invok: Berserk           |     1 |     4 |     3 ||     8
       Trog's Hand       |       |     3 |     1 ||     4
Evoke: Wand              |       |     1 |       ||     1
  Use: Potion            |       |       |     7 ||     7
 Stab: Sleeping          |     1 |       |       ||     1
  Eat: Chunk             |     2 |     7 |    10 ||    19
       Ration            |       |     1 |     1 ||     2
Armor: Animal skin       |    52 |    43 |       ||    95
       Scale mail        |       |    15 |   143 ||   158
Dodge: Dodged            |   111 |    91 |   210 ||   412

Table legend:
 A = Non-vault XP
 B = Vault XP
 C = Vault XP percentage of total XP
 D = Non-vault monster count
 E = Vault monster count
 F = Vault count percentage of total count
                 A         B        C        D         E       F
            +---------+---------+-------+---------+---------+-------
      Total |    2328 |     551 |  19.1 |     126 |       8 |   6.0
            +---------+---------+-------+---------+---------+-------
        D:1 |      36 |       0 |   0.0 |      23 |       0 |   0.0
        D:2 |      63 |      41 |  39.4 |      18 |       1 |   5.3
        D:3 |     154 |       0 |   0.0 |      22 |       0 |   0.0
        D:4 |     139 |     465 |  77.0 |       9 |       5 |  35.7
        D:5 |     900 |      43 |   4.6 |      24 |       1 |   4.0
        D:6 |     716 |       2 |   0.3 |      18 |       1 |   5.3
        D:7 |     320 |       0 |   0.0 |      12 |       0 |   0.0
            +---------+---------+-------+---------+---------+-------
